 Dungeon Sprint DCSS version 0.22.2-1-ge965b3a (webtiles) character file.

3500000 Fang the Conqueror (level 20, -57/216 HPs)
             Began as a Demonspawn Gladiator on June 5, 2019.
             Was a High Priest of Makhleb.
             Annihilated by The Servant
             ... wielding a +9 glaive of flaming
              (135 damage)
             ... in the Dungeon (Sprint VIII: "Arena of Blood").
             The game lasted 00:00:32 (35 turns).

Fang the Conqueror (Demonspawn Gladiator)             Turns: 35, Time: 00:00:33

Health: -57/216    AC:  9    Str: 22    XL:     20   Next: 68%
Magic:  0/43       EV: 30    Int: 12    God:    Makhleb [*****.]
Gold:   0          SH:  0    Dex: 14    Spells: 57/57 levels left

rFire    . . .     SeeInvis +   l - +โˆž Axe of Woe
rCold    . . .     Gourm    .   (shield currently unavailable)
rNeg     . . .     Faith    .   b - +0 leather armour
rPois    .         Spirit   +   (helmet unavailable)
rElec    +         Reflect  .   (no cloak)
rCorr    .         Harm     .   (no gloves)
MR       +....     NoTele   +   (no boots)
Stlth    +++++++...             (no amulet)
HPRegen  0.46/turn              (no ring)
MPRegen  0.56/turn              (no ring)

@: no status effects
A: antennae 3, thin metallic scales 3, demonic guardian 2, robust 1, magic
shield, magic regeneration
a: Minor Destruction, Lesser Servant of Makhleb, Major Destruction, Greater
Servant of Makhleb, Renounce Religion


You were in the Dungeon.
You worshipped Makhleb.
Makhleb was extremely pleased with you.
You were not hungry.

You visited 1 branch

Inventory:

Hand Weapons
 a - a +0 war axe
 l - the +โˆž Axe of Woe (weapon)
   (You found it in the Dungeon)
Missiles
 d - 3 throwing nets (quivered)
Armour
 b - a +0 leather armour (worn)
 c - a +0 helmet
Scrolls
 k - a scroll of blinking
Potions
 e - a potion of curing
 g - a potion of heal wounds
 h - a potion of haste
 i - 2 potions of magic
 j - a potion of berserk rage
Comestibles
 f - a ration


   Skills:
 O Level 27 Fighting
 O Level 27 Axes
 O Level 27 Throwing
 + Level 19.4 Armour
 O Level 27 Dodging
 + Level 20.8 Stealth
 + Level 19.4 Unarmed Combat
 + Level 19.4 Spellcasting
 + Level 25.6 Invocations


You had 57 spell levels left.
You didn't know any spells.
Your spell library was empty.

Dungeon Overview and Level Annotations

Branches:
Dungeon (1/1)

Altars:
Makhleb

Annotations:
D The Servant


Innate Abilities, Weirdness & Mutations

You have a pair of large antennae on your head. (SInv)
You are completely covered in thin metallic scales. (AC +4, rElec)
A demonic guardian rushes to your aid.
You are robust. (+10% HP)
When hurt, damage is shared between your health and your magic reserves.
You regenerate magic rapidly.


Message History

The destroyer blinks!
Your soul eater closely misses The Servant.
A sculptor of flesh comes into view. It is wielding a +9 great sword.
You hear a shout!
The Servant closely misses you.
You hear a shout! x3
Things that are here:
a +9 war axe; a +30 ring of slaying You hear a shout! x2
The meat berserker rages.
You hear a shout! x2
A sculptor of flesh comes into view. It is wielding a +9 great sword.
Your soul eater barely misses The Servant.
A bag of meat comes into view. It is wielding a +9 war axe.
You hear a shout!
A meat berserker comes into view. It is wielding a +9 battleaxe. x2
The bag of meat hits you with a +9 war axe!
The Servant hits you from afar with a +9 glaive of flaming!!!!
Ouch! That really hurt!
You die...

zo.o..O........
O.o.z........o.
#oo..ยง.........
.oo..........
o.o......... .{
#@3.....# #..
#..Vo...#
....###.)@o...###.
.......)O###......
.#....))))_.......
......V#)....#....
.......#_)<._# .
.......#.....#
.#........_.....
.........###......
....###... ..###.


You could see The Servant, 2 destroyers, 2 sculptors of flesh, 3 meat
berserkers, 12 bags of meat and a friendly soul eater.

Vanquished Creatures
  9 ogres (D)
  11 orcs (D)
20 creatures vanquished.

Notes
Turn   | Place    | Note
-------+----------+-------------------------------------------
     0 | D        | Found the +โˆž Axe of Woe
     0 | D        | Fang the Demonspawn Gladiator began the quest for the Orb.
     0 | D        | Reached XP level 1. HP: 16/16 MP: 1/1
     2 | D        | Noticed a meat berserker
     2 | D        | Noticed a bag of meat
     4 | D        | Became a worshipper of Makhleb the Destroyer
     6 | D        | Noticed a bag of meat
     6 | D        | Noticed a bag of meat
     6 | D        | Noticed a meat berserker
     6 | D        | Noticed a bag of meat
     6 | D        | Noticed a bag of meat
     7 | D        | Killed a meat berserker
     7 | D        | Reached skill level 15 in Axes
     7 | D        | Reached skill level 15 in Throwing
     7 | D        | Reached skill level 15 in Dodging
     7 | D        | Gained mutation: You are partially covered in thin metallic
                  | scales. (AC +2) [demonic ancestry]
     7 | D        | Reached XP level 2. HP: 46/46 MP: 2/2
     7 | D        | Gained mutation: A weak demonic guardian rushes to your
                  | aid. [demonic ancestry]
     7 | D        | Reached XP level 3. HP: 52/52 MP: 3/3
     7 | D        | Reached XP level 4. HP: 59/59 MP: 4/4
     7 | D        | Reached XP level 5. HP: 66/66 MP: 5/5
     7 | D        | Reached XP level 6. HP: 73/73 MP: 6/6
     7 | D        | Gained mutation: You are mostly covered in thin metallic
                  | scales. (AC +3) [demonic ancestry]
     7 | D        | Reached XP level 7. HP: 79/79 MP: 7/7
     7 | D        | Gained mutation: You have a pair of small antennae on your
                  | head. [demonic ancestry]
     7 | D        | Reached XP level 8. HP: 86/86 MP: 8/8
     7 | D        | Gained mutation: You have a pair of antennae on your head.
                  | [demonic ancestry]
     7 | D        | Reached XP level 9. HP: 92/92 MP: 9/9
     7 | D        | Gained mutation: When hurt, damage is shared between your
                  | health and your magic reserves. [demonic ancestry]
     7 | D        | Reached XP level 10. HP: 100/100 MP: 10/10
     7 | D        | Reached XP level 11. HP: 106/106 MP: 11/11
     7 | D        | Gained mutation: A demonic guardian rushes to your aid.
                  | [demonic ancestry]
     7 | D        | Reached XP level 12. HP: 113/113 MP: 12/12
     7 | D        | Gained mutation: You have a pair of large antennae on your
                  | head. (SInv) [demonic ancestry]
     7 | D        | Reached XP level 13. HP: 119/119 MP: 13/13
     8 | D        | Noticed a bag of meat
     8 | D        | Noticed a meat berserker
     9 | D        | Killed a meat berserker
     9 | D        | Reached * piety under Makhleb
     9 | D        | Gained mutation: You are robust. (+10% HP) [demonic
                  | ancestry]
     9 | D        | Reached XP level 14. HP: 126/146 MP: 14/14
     9 | D        | Killed a bag of meat
     9 | D        | Noticed a meat berserker
    10 | D        | Killed a bag of meat
    10 | D        | Reached XP level 15. HP: 158/158 MP: 15/15
    11 | D        | Killed a meat berserker
    11 | D        | Reached ** piety under Makhleb
    11 | D        | Gained mutation: You are completely covered in thin
                  | metallic scales. (AC +4, rElec) [demonic ancestry]
    11 | D        | Reached XP level 16. HP: 172/172 MP: 16/16
    12 | D        | Reached *** piety under Makhleb
    13 | D        | Noticed a meat berserker
    14 | D        | Killed a meat berserker
    14 | D        | Reached XP level 17. HP: 188/188 MP: 14/17
    16 | D        | Noticed a meat berserker
    17 | D        | Noticed a meat berserker
    18 | D        | Killed a meat berserker
    18 | D        | Reached skill level 27 in Fighting
    18 | D        | Noticed a meat berserker
    20 | D        | Reached **** piety under Makhleb
    20 | D        | Reached XP level 18. HP: 176/200 MP: 14/18
    20 | D        | Killed a meat berserker
    20 | D        | Reached skill level 27 in Axes
    20 | D        | Reached skill level 27 in Throwing
    20 | D        | Reached skill level 27 in Dodging
    22 | D        | Killed a meat berserker
    22 | D        | Reached skill level 10 in Armour
    22 | D        | Reached skill level 10 in Unarmed Combat
    22 | D        | Reached skill level 10 in Spellcasting
    22 | D        | Reached XP level 19. HP: 144/207 MP: 10/33
    24 | D        | Reached ***** piety under Makhleb
    25 | D        | Killed a meat berserker
    25 | D        | Reached skill level 15 in Armour
    25 | D        | Reached skill level 15 in Unarmed Combat
    25 | D        | Reached skill level 15 in Spellcasting
    28 | D        | Noticed a meat berserker
    29 | D        | Gained mutation: You regenerate magic rapidly. [demonic
                  | ancestry]
    29 | D        | Reached XP level 20. HP: 216/216 MP: 11/41
    29 | D        | Noticed a destroyer
    30 | D        | Noticed a meat berserker
    31 | D        | Noticed The Servant
    33 | D        | Noticed a destroyer
    33 | D        | Killed a meat berserker
    35 | D        | Noticed a meat berserker
    35 | D        | Noticed a meat berserker
    35 | D        | Annihilated by The Servant

Skill      XL: |  1  2  3  4  5  6  7  8  9 10 11 12 13 14 15 16 17 18 19 20 |
---------------+-------------------------------------------------------------+-----
Fighting       | 16 19 21 23 26 27 | 27.0
Axes           | 15 18 19 22 24 26 27 | 27.0
Throwing       | 15 18 19 22 24 26 27 | 27.0
Dodging        | 15 18 19 22 24 26 27 | 27.0
Armour         | 10 17 19 | 19.4
Stealth        | 11 18 20 | 20.8
Unarmed Combat | 10 17 19 | 19.4
Spellcasting   | 10 17 19 | 19.4
Invocations    | 14 22 25 | 25.6

Action                   |  1- 3 |  4- 6 |  7- 9 | 10-12 | 13-15 | 16-18 | 19-21 || total
-------------------------+-------+-------+-------+-------+-------+-------+-------++-------
Melee: Executioner's axe |     1 |       |       |       |     3 |     5 |     6 ||    15
Armor: Leather armour    |       |       |       |       |       |       |     1 ||     1
Dodge: Dodged            |       |       |       |       |       |       |     1 ||     1
